Map: Dusk Towers

Players

Miszu - Winner!

  • Race: Terran Terran
  • League: Grandmaster

PijanyJimmy

  • Race: Terran Terran
  • League: Gold

VOD

Have the link to the VOD?

Description

Time

  • Played on: May 20, 2016, 11:27 a.m.
  • Length: 5:58
Show
View Real Time Build Order
Export as new Build Order

Miszu Terran - Winner!

Build Orders: 1/1/1, Banshee Rush 

Get SALT Encoding   

  12  0:00  SCV  
  13  0:12  SCV  
  14  0:17  Supply Depot  
  14  0:24  SCV  
  15  0:30  Refinery  
  15  0:39  SCV  
  16  0:44  Barracks  
  16  0:51  SCV  
  16  0:55  Refinery  
  17  1:03  SCV  
  18  1:15  SCV  
  19  1:28  SCV  
  20  1:36  Factory, Reaper  
  21  1:46  Orbital Command  
  21  1:54  Supply Depot  
  21  2:08  Reaper  
  21  2:13  SCV  
  23  2:19  Starport  
  25  2:23  Hellion  
  25  2:33  SCV  
  25  2:34  Supply Depot  
  26  2:40  Reaper  
  29  2:44  Hellion  
  29  2:46  SCV  
  30  2:55  Medivac  
  32  3:23  Hellion, SCV  
  32  3:24  Barracks Tech Lab  
  34  3:38  Command Center  
  34  3:46  Factory Tech Lab  
  34  3:47  Barracks Reactor  
  34  3:52  Supply Depot, Cloaking Field  
  34  3:53  Banshee  
  37  4:07  SCV  
  38  4:12  Starport  
  38  4:14  Barracks  
  38  4:15  Barracks  
  38  4:27  SCV  
  39  4:36  Siege Tank, Banshee  
  45  4:44  Supply Depot, Marine  
  46  4:51  Orbital Command  
  46  4:54  SCV  
  46  4:57  Marine  
  48  5:04  Barracks Tech Lab  
  48  5:05  Barracks Tech Lab  
  48  5:11  Marine  
  49  5:15  Marine  
  49  5:19  Siege Tank  
  53  5:29  Starport Reactor  
  53  5:31  SCV  
  52  5:35  Marine  
  52  5:36  Marine x2  
  52  5:37  Marine  
  52  5:38  SCV  
Show
View Real Time Build Order
Export as new Build Order

PijanyJimmy Terran 

Build Orders:  

Get SALT Encoding   

  12  0:01  SCV  
  13  0:13  SCV  
  14  0:18  Supply Depot  
  14  0:25  SCV  
  15  0:39  SCV  
  15  0:40  Barracks  
  16  0:51  SCV  
  17  0:59  Refinery  
  17  1:03  SCV  
  18  1:15  SCV  
  19  1:33  Marine  
  19  1:34  Barracks  
  20  1:40  Orbital Command  
  20  2:02  Factory  
  20  2:03  Supply Depot  
  20  2:07  SCV  
  21  2:12  Refinery  
  21  2:16  Marine  
  21  2:19  SCV  
  23  2:31  SCV  
  23  2:38  Marine x2  
  23  2:44  SCV  
  26  2:45  Barracks  
  26  2:50  Starport, Factory Tech Lab  
  26  2:57  Marine x2  
  28  3:00  SCV  
  29  3:13  SCV  
  29  3:15  Marine  
  30  3:22  Marine  
  31  3:30  Supply Depot  
  31  3:32  SCV  
  31  3:34  Marine  
  31  3:44  Marine, Siege Tank  
  31  3:48  Marine  
  36  3:49  Medivac  
  38  4:00  Marine  
  39  4:09  Command Center  
  39  4:18  SCV  
  38  4:33  Liberator  
  38  4:44  SCV  
  39  4:47  Barracks  
  39  4:52  Marine x2  
  45  5:04  Barracks Tech Lab  
  45  5:05  Barracks  
  44  5:10  Marine x2  
Tags
 
Matchup
TvT
Opening
1/1/1
Race
Terran
Strategy
Banshee Rush
Add a new tag
Caveats
  • Supply blocks, unpowered buildings, or Contaminate may cause inaccurate times.
  • Supply counts are checked every 10 seconds.